 Dungeon Crawl Stone Soup version 0.26.0-18-gc5c842f807 (webtiles) character file.

Game seed: 203973829078202808

1158 thiole the Sneak (level 8, 0/46 HPs)
             Began as an Octopode Hedge Wizard on Jan 24, 2021.
             Was an Initiate of Gozag.
             Slain by an orc warrior
             ... wielding a +4 short sword of venom
              (23 damage)
             ... on level 6 of the Dungeon.
             The game lasted 00:26:54 (9633 turns).

thiole the Sneak (Octopode Hedge Wizard)            Turns: 9633, Time: 00:26:55

Health: 0/46       AC:  1    Str: 10    XL:     8   Next: 39%
Magic:  2/16       EV: 12    Int: 18    God:    Gozag
Gold:   498        SH:  3    Dex: 11    Spells: 9/17 levels left

rFire    . . .     SeeInvis +   o - +2 spear (vamp)
rCold    . . .     Faith    .   u - +0 buckler
rNeg     . . .     Spirit   .   b - +0 hat
rPois    .         Reflect  .   x - amulet of the acrobat
rElec    .         Harm     .   l - ring of see invisible
rCorr    .         Rampage  .   (no ring)
Will     .....                  (no ring)
Stlth    ++++......             (no ring)
HPRegen  0.15/turn              (no ring)
MPRegen  0.15/turn              (no ring)
                                (no ring)
                                (no ring)

@: about to teleport
A: almost no armour, stealthy swim, amphibious, 8 rings, constrict 8, camouflage
1, gelatinous body 1
a: Renounce Religion, Potion Petition, Call Merchant, Bribe Branch


You were on level 6 of the Dungeon.
You worshipped Gozag.
Gozag was aware of your devotion.
You visited 2 branches of the dungeon, and saw 8 of its levels.
You also visited: Sewer.

You collected 551 gold pieces.
You paid 53 gold pieces to Gozag.

Inventory:

Hand Weapons
 f - a cursed +0 dagger
 o - a +2 vampiric spear (weapon)
Armour
 b - a +0 hat (worn)
 u - a +0 buckler (worn)
Jewellery
 e - an uncursed ring of ice
 l - a ring of see invisible (left tentacle)
 t - an uncursed amulet of faith
 x - an amulet of the acrobat (around mantle)
Wands
 c - a wand of flame (11)
Scrolls
 a - a scroll of noise {unknown}
 g - 3 scrolls of identify
 n - 2 scrolls of remove curse
 p - a scroll of enchant weapon {unknown}
 v - a scroll of fear {unknown}
 w - a scroll of amnesia {unknown}
 y - a scroll of immolation {unknown}
 z - 2 scrolls of teleportation
 A - a scroll of vulnerability {unknown}
 B - a scroll of torment {unknown}
Potions
 d - a potion of degeneration {unknown}
 h - 2 potions of might
 i - 4 potions of heal wounds {unknown}
 j - a potion of cancellation {unknown}
 m - a potion of lignification {unknown}
 q - 2 potions of attraction
 s - a potion of haste {unknown}


   Skills:
 - Level 2.0 Dodging
 + Level 7.2 Stealth
 + Level 5.4 Spellcasting
 - Level 4.0 Conjurations
 - Level 2.0 Summonings
 - Level 1.0 Translocations
 - Level 5.0 Air Magic


You had 9 spell levels left.
You knew the following spells:

 Your Spells              Type           Power        Failure   Level
a - Magic Dart            Conj           76%          4%          1
b - Call Imp              Summ           12%          14%         2
c - Blink                 Tloc           N/A          22%         2
d - Mephitic Cloud        Conj/Pois/Air  15%          19%         3

Your spell library contained the following spells:

 Spells                   Type           Power        Failure   Level
 Conjure Flame            Conj/Fire      12%          28%         3
 Slow                     Hex            4%           32%         2


Dungeon Overview and Level Annotations

Branches:
Dungeon (7/15)             Temple (1/1) D:4           Sewer (visited)

Altars:
Ashenzari
Elyvilon
Gozag
Hepliaklqana
Ru
Trog
Vehumet
Xom
Yredelemnul
The Shining One

Shops:
D:4 ?   D:7 =

Annotations:
D:6 Grinder


Innate Abilities, Weirdness & Mutations

You cannot wear most types of armour.
You are very stealthy in the water. (Stealth+)
You are amphibious.
You can wear up to eight rings at the same time.
You can use your tentacles to constrict eight enemies at once.
Your skin changes colour to match your surroundings (Stealth+).
Your rubbery body absorbs attacks. (AC +1, EV +1)


Message History

The orc warrior misses your white imp.
Your white imp hits the orc priest.
Your white imp freezes the orc priest.
Reach: o) +2 spear (vamp)
Press: ? - help, Dir - move target, f/p - orc priest
Aim: an orc priest, wielding a +0 falchion (heavily wounded)
You reach to attack!
You closely miss the orc priest.
The orc priest is heavily wounded.
The orc priest hits your white imp with a +0 falchion.
Your white imp dies!
You swing at nothing.
The orc priest calls upon Beogh to heal the orc warrior.
The orc warrior's wounds heal themselves!
The orc warrior hits you with a +4 short sword of venom!
Unknown command.
As you read the scroll of teleportation, it crumbles to dust.
You feel strangely unstable.
The orc warrior hits you with a +4 short sword of venom!!
Ouch! That really hurt!
You die...
Your body crumbles into a pile of gold.

..##......)......................
..###...)####.........#..........
....^.....##............)........
##........[.........##...........
##..................#..##......##
#.#...........#..5..#...#....#.#
.....#.........##......###...###
.....#.........#....#...###.###
...............5@..##....#....#
##............oo#####.......###
#...##.........o### ##......#
...###............## ##....##
...##..............# ###..#
..###..#...........# ####
..##......>....##.##
####.....##......##
##..#####.....#


You could see an orc warrior, an orc priest, an orc wizard and 2 friendly
crimson imps.

Vanquished Creatures
  Eustachio (D:6)
  A water moccasin (D:6)
  Duvessa (D:5)
  A sky beast (D:6)
  2 ogres
  A bullfrog (D:6)
  A scorpion (D:5)
  A hound (D:4)
  A jelly (D:6)
  A centaur skeleton (D:5)
  Jessica (D:3)
  2 worker ants
  A hound skeleton (D:5)
  2 gnolls (D:2)
  A howler monkey skeleton (D:6)
  4 adders
  An ufetubus (D:6)
  2 adder skeletons
  A worm (D:3)
  6 leopard geckos
  8 orcs
  6 bats
  9 giant cockroaches
  7 goblins
  5 hobgoblins
  3 jackals
  7 kobolds
  4 quokkas
  4 ball pythons
  15 frilled lizards
  A jackal skeleton (D:5)
  A quokka zombie (D:7)
  6 rats
108 creatures vanquished.

Vanquished Creatures (collateral kills)
  A centaur (D:5)
  A bullfrog (Sewer)
  Dowan (D:5)
  Crazy Yiuf (D:6)
  2 worker ants
  6 gnolls (D:2)
  4 adders
  3 white imps (D:5)
  An ooze (D:2)
  2 worms (D:2)
  A leopard gecko (Sewer)
  3 giant cockroaches
  2 jackals (D:5)
  A ball python (Sewer)
29 creatures vanquished.

Grand Total: 137 creatures vanquished

Notes
Turn   | Place    | Note
-------+----------+-------------------------------------------
     0 | D:1      | thiole the Octopode Hedge Wizard began the quest for the
                  | Orb.
     0 | D:1      | Reached XP level 1. HP: 11/11 MP: 4/4
   296 | D:1      | Reached XP level 2. HP: 17/17 MP: 4/6
   375 | D:1      | Reached skill level 3 in Stealth
  1059 | D:1      | Reached XP level 3. HP: 21/21 MP: 3/7
  1349 | D:1      | Learned a level 2 spell: Call Imp
  1352 | D:1      | Learned a level 2 spell: Blink
  1356 | D:1      | Learned a level 3 spell: Mephitic Cloud
  2144 | D:2      | Reached XP level 4. HP: 27/27 MP: 3/9
  2156 | D:2      | Reached skill level 4 in Stealth
  3267 | D:2      | Found a glowing golden altar of the Shining One.
  3415 | D:3      | Found a glowing drain.
  3428 | D:3      | Reached XP level 5. HP: 31/31 MP: 4/10
  3430 | Sewer    | Entered a sewer
  3541 | Sewer    | Reached skill level 1 in Air Magic
  3960 | D:3      | Found a shimmering altar of Xom.
  4150 | D:3      | Noticed Jessica
  4162 | D:3      | Killed Jessica
  4163 | D:3      | Reached skill level 5 in Stealth
  4163 | D:3      | Reached XP level 6. HP: 36/36 MP: 6/12
  4858 | D:4      | Found Dilaept's Magic Scroll Emporium.
  5143 | D:4      | Found a staircase to the Ecumenical Temple.
  5162 | Temple   | Entered the Ecumenical Temple
  5262 | Temple   | Became a worshipper of Gozag Ym Sagoz the Greedy
  5724 | D:4      | Found a broken altar of Ashenzari.
  6001 | D:5      | Entered Level 5 of the Dungeon
  6183 | D:5      | Found a white marble altar of Elyvilon.
  6473 | D:5      | Reached XP level 7. HP: 15/41 MP: 11/13
  7201 | D:5      | Noticed Dowan
  7202 | D:5      | Noticed Duvessa
  7679 | D:5      | Killed Duvessa
  7680 | D:5      | Reached skill level 6 in Stealth
  7885 | D:5      | Killed Dowan
  8372 | D:6      | Reached XP level 8. HP: 23/46 MP: 5/15
  8757 | D:6      | Noticed Eustachio
  8802 | D:6      | Killed Eustachio
  8803 | D:6      | Reached skill level 7 in Stealth
  8803 | D:6      | Reached skill level 5 in Spellcasting
  8803 | D:6      | Reached skill level 5 in Air Magic
  9262 | D:6      | Found a runed translucent door.
  9263 | D:6      | Noticed Crazy Yiuf
  9275 | D:6      | Killed Crazy Yiuf
  9322 | D:6      | Noticed Grinder
  9562 | D:7      | Found Zybor's Jewellery Boutique.
  9633 | D:6      | Slain by an orc warrior

Illustrated notes

Levels and vault maps discovered:
D:1:      elethiomel_arrival_infinity_welcomes_careful_drivers,
          layout_loops_cross
D:2:      layout_loops_corners, tso_altar
D:3:      layout_loops_corners, xom_teletrap_fun, cheibrodos_sewer_entry_drain,
          uniq_jessica
D:4:      layout_basic, kennysheep_mini, minmay_temple_entry_slanted,
          serial_shops, shop
D:5:      kennysheep_spiral_hall, layout_cave_pods, elyvilon_altar_4,
          overflow_temple_1_default, uniq_duvessa
D:6:      layout_cave_pools, uniq_eustachio, uniq_crazy_yiuf_cottage,
          uniq_grinder
D:7:      layout_basic, gammafunk_temple_overflow_claw, serial_shops,
          nicolae_shop_trees, amcnicky_mini_corridor_feature, minivault_19,
          uniq_pikel, uniq_prince_ribbit1
Temple:   nicolae_temple_figure_eight

Skill      XL: |  1  2  3  4  5  6  7  8 |
---------------+-------------------------+-----
Stealth        | 3 4 5 6 7 |  7.2
Conjurations   | 2 3 4 |  4.0
Summonings     | 2 |  2.0
Air Magic      | 2 3 4 5 |  5.0
Spellcasting   | 4 5 |  5.4
Dodging        | |  2.0
Translocations | |  1.0

Action                   |  1- 3 |  4- 6 |  7- 9 || total
-------------------------+-------+-------+-------++-------
Melee: Dagger            |     5 |       |       ||     5
       Constrict         |     5 |     8 |    13 ||    26
       Spear             |    10 |    83 |    88 ||   181
       Tentacles         |     2 |    10 |    10 ||    22
 Cast: Magic Dart        |    68 |   108 |    51 ||   227
       Call Imp          |    11 |    31 |    53 ||    95
  Use: Scroll            |     3 |     5 |     4 ||    12
       Potion            |       |       |     7 ||     7
 Stab: Sleeping          |     1 |     2 |     1 ||     4
       Distracted        |       |     1 |     2 ||     3
       Invisible         |       |       |     1 ||     1
Armor: Skin              |     1 |       |     4 ||     5
Dodge: Dodged            |    14 |    19 |    50 ||    83
Block: Buckler           |       |       |     7 ||     7
